 Dungeon Crawl Stone Soup version 0.31-a0-1522-g43313d8a59 (webtiles) character file.

Game seed: 6978219622750019784

424 gelatine the Trooper (level 6, -3/48 HPs)
             Began as a Demonspawn Fighter on Dec 30, 2023.
             Slain by an iguana (8 damage)
             ... on level 5 of the Dungeon.
             The game lasted 00:07:42 (3647 turns).

gelatine the Trooper (Demonspawn Fighter)           Turns: 3647, Time: 00:07:43

Health: -3/48      AC:  9    Str: 18    XL:     6   Next: 64%
Magic:  6/6        EV: 10    Int:  9    God:
Gold:   117        SH:  5    Dex: 16    Spells: 5/5 levels left

rFire   . . .        q - +0 hand axe
rCold   + . .        c - +0 buckler
rNeg    . . .        y - +1 scale mail {rC+}
rPois   .            (no helmet)
rElec   .            b - +0 cloak
rCorr   .            (no gloves)
SInv    .            (no boots)
Will    .....        (no amulet)
Stlth   +++          (no ring)
HPRegen 0.28/turn    (no ring)
MPRegen 0.20/turn

%: no passive effects
@: no status effects
A: thin skeletal structure 2, demonic guardian 1, magic regeneration
a: no special abilities


You were on level 5 of the Dungeon.
You visited 1 branch of the dungeon, and saw 5 of its levels.

You collected 117 gold pieces.

Inventory:

Hand Weapons
 a - a +0 war axe
 q - a +0 hand axe (weapon)
Armour
 b - a +0 cloak (worn)
 c - a +0 buckler (worn)
 y - a +1 scale mail of cold resistance (worn)
Jewellery
 r - a ring of fire
Talismans
 n - a maw talisman
Wands
 u - a wand of charming (6)
 v - a wand of mindburst (14)
Scrolls
 e - 2 scrolls of identify {unknown}
 f - a scroll of teleportation {unknown}
 k - 2 scrolls of torment {unknown}
 l - a scroll of poison {unknown}
 m - a scroll of fear {unknown}
 o - a scroll of immolation {unknown}
 s - 3 scrolls of noise {unknown}
 t - 2 scrolls of amnesia {unknown}
 w - a scroll of fog {unknown}
 x - a scroll of revelation {unknown}
Potions
 d - a potion of might
 g - a potion of curing {unknown}
 h - 3 potions of mutation {unknown}
 i - a potion of brilliance {unknown}
 p - a potion of haste {unknown}


   Skills:
 * Level 4.0 Fighting
 * Level 3.8 Axes
 * Level 3.7 Armour
 * Level 2.0 Dodging
 * Level 1.7 Stealth
 * Level 3.5 Shields


You had 5 spell levels left.
You didn't know any spells.
Your spell library contained the following spells:

 Spells                   Type           Power      Damage    Failure   Level
 Call Canine Familiar     Summ           0%         N/A       99%         3
 Sigil of Binding         Hex            0%         N/A       99%         3
 Dimensional Bullseye     Hex/Tloc       0%         N/A       100%        4


Dungeon Overview and Level Annotations

Branches:
Dungeon (5/15)
 Temple: D:4-7

Altars:
Ru
Trog

Shops:
D:2 :   D:3 =   D:5 *


Innate Abilities, Weirdness & Mutations

You have a moderately thin skeletal structure. (Dex +4, Stealth++)
A weak demonic guardian rushes to your aid.
You regenerate magic rapidly.


Message History

You hit the centaur.
The centaur is severely wounded.
You hit the ogre. The centaur closely misses you.
The centaur kicks you but does no damage.
The ogre barely misses you. The centaur barely misses you.
You block the centaur's attack.
Unknown command.
You hit the centaur.
The centaur is severely wounded.
You hit the ogre. You block the centaur's attack.
The centaur barely misses you. The ogre barely misses you.
Unknown command.
You hit the centaur.
You kill the centaur!
You hit the ogre. You block the ogre's attack. The iguana barely misses you.
Your Dodging skill increases to level 2!
Unknown command.
You hit the ogre.
The ogre is heavily wounded.
You hit the iguana but do no damage. The iguana closely misses you.
Unknown command.
You barely miss the ogre.
The ogre is heavily wounded.
You hit the iguana but do no damage.
The ogre hits you with a +0 giant spiked club!!
The iguana bites you.
Unknown command.
You barely miss the ogre.
The ogre is heavily wounded.
You hit the iguana but do no damage.
The ogre hits you with a +0 giant spiked club!
* * * LOW HITPOINT WARNING * * *
A demonic guardian appears!
The iguana closely misses you.
Your quasit barely misses the iguana. x2; Your quasit claws the iguana.
The iguana bites your quasit but does no damage.
Your quasit misses the iguana.
Your quasit claws the iguana.
Your quasit claws the iguana but does no damage.
The iguana bites your quasit! The iguana attacks as it pursues you!
The iguana bites you!
You die...

#.... ... ...
....# #
#.#.#..#
#.#.#..####
##.#.#......
#.@........
#.l........
#..5....###
##O#l∩.....
#)...#.##
#..<.# #
#.....#.#
...........
#.............


You could see an ogre, 2 iguanas and a friendly quasit (summoned).

Vanquished Creatures
  A centaur (D:5)
  A bombardier beetle (D:4)
  A gnoll bouda (D:4)
  An orc priest (D:3)
  4 gnolls (D:4)
  5 adders
  3 orcs (D:3)
  6 bats
  10 endoplasms
  6 giant cockroaches
  9 goblins
  7 hobgoblins
  4 jackals (D:1)
  A quokka (D:2)
  7 ball pythons
  13 frilled lizards
  5 kobolds
  11 rats
95 creatures vanquished.

Vanquished Creatures (collateral kills)
  A centaur (D:4)
1 creature vanquished.

Grand Total: 96 creatures vanquished

Notes
Turn   | Place    | Note
-------+----------+-------------------------------------------
     0 | D:1      | gelatine the Demonspawn Fighter began the quest for the
                  | Orb.
     0 | D:1      | Reached XP level 1. HP: 18/18 MP: 1/1
   173 | D:1      | Gained mutation: You have a somewhat thin skeletal
                  | structure. (Dex +2, Stealth+) [demonic ancestry]
   173 | D:1      | Reached XP level 2. HP: 24/24 MP: 2/2
   605 | D:1      | Reached XP level 3. HP: 29/29 MP: 3/3
   967 | D:2      | Reached skill level 1 in Dodging
  1080 | D:2      | Found Anatwud's Book Boutique.
  1371 | D:2      | Gained mutation: You have a moderately thin skeletal
                  | structure. (Dex +4, Stealth++) [demonic ancestry]
  1371 | D:2      | Reached XP level 4. HP: 24/35 MP: 4/4
  1761 | D:3      | HP: 1/35 [orc priest/+0 hand axe (7)]
  1964 | D:3      | Found Cues's Jewellery Shoppe.
  2144 | D:3      | Found a bloodstained altar of Trog.
  2704 | D:4      | Gained mutation: You regenerate magic rapidly. [demonic
                  | ancestry]
  2704 | D:4      | Reached XP level 5. HP: 40/41 MP: 5/5
  2812 | D:4      | Reached skill level 1 in Stealth
  3150 | D:4      | Gained mutation: A weak demonic guardian rushes to your
                  | aid. [demonic ancestry]
  3150 | D:4      | Reached XP level 6. HP: 4/48 MP: 6/6
  3150 | D:4      | HP: 2/48 [burnt (2)]
  3260 | D:4      | Reached skill level 4 in Fighting
  3392 | D:4      | Found a sacrificial altar of Ru.
  3631 | D:5      | Entered Level 5 of the Dungeon
  3631 | D:5      | Found Qaus's General Store.
  3647 | D:5      | Slain by an iguana

Illustrated notes

Levels and vault maps discovered:
D:1:      lemuel_arrival_broad_hall, layout_loops_corners, nicolae_the_louvre
D:2:      layout_basic, serial_shops, shop, minmay_lizard_king
D:3:      layout_loops_corners, gammafunk_temple_overflow_wave, serial_shops,
          shop
D:4:      layout_loops_ring, mainiacjoe_overflow_paths
D:5:      minmay_spotlight, layout_basic, serial_shops, shop, kennysheep_boxes

Skill      XL: |  1  2  3  4  5  6 |
---------------+-------------------+-----
Shields        | 3 |  3.5
Axes           | 2 3 |  3.8
Armour         | 3 |  3.7
Dodging        | 1 2 |  2.0
Stealth        | 1 |  1.7
Fighting       | 4 |  4.0

Action                     |  1- 3 |  4- 6 || total
---------------------------+-------+-------++-------
  Melee: War axe           |   135 |    35 ||   170
         Hand axe          |       |   107 ||   107
    Use: Potion            |       |     2 ||     2
   Stab: Sleeping          |     3 |    10 ||    13
 Armour: Scale mail        |    62 |    47 ||   109
         Ring mail         |    57 |    39 ||    96
         Skin              |       |     3 ||     3
  Dodge: Dodged            |    77 |    82 ||   159
  Block: Buckler           |    36 |    43 ||    79

Table legend: (Time is in decaauts)
 A = Elapsed time spent in this place.
 B = Non-inter-level travel time spent in this place.
 C = Inter-level travel time spent in this place.
 D = Time resting spent in this place.
 E = Time spent auto-exploring this place.
 F = Levels seen in this place.
 G = Mean time per level.
                   A        B        C        D        E       F      G
               +--------+--------+--------+--------+--------+-----+--------+
         Total |   3739 |   3645 |     94 |      0 |   2813 |   5 |  747.8 |
       Dungeon |   3739 |   3645 |     94 |      0 |   2813 |   5 |  747.8 |
               +--------+--------+--------+--------+--------+-----+--------+

Top non-repeatable levels by time:
     D:3: 1168 daAuts
     D:4: 993 daAuts
     D:1: 940 daAuts
     D:2: 620 daAuts
     D:5: 17 daAuts
